 Dungeon Crawl Stone Soup version 0.18.1-48-g4cf74bf (webtiles) character file.

1048 Razz the Ducker (level 8, -1/75 HPs)
             Began as a Kobold Berserker on Aug 21, 2016.
             Was a Priest of Trog.
             Succumbed to letownia's ghost's poison
             ... on level 6 of the Dungeon.
             The game lasted 00:39:54 (5828 turns).

Razz the Ducker (Kobold Berserker)                  Turns: 5828, Time: 00:39:55

Health: -1/75      AC:  8    Str: 21 (22) XL:     8   Next: 50%
Magic:  8/8        EV: 19    Int:  3 (5)  God:    Trog [***...]
Gold:   145        SH:  0    Dex: 15 (16) Spells: 0 memorised, 7 levels left

rFire  . . .     SeeInvis .     n - +0 long sword
rCold  . . .     Gourm    .     m - +3 leather armour
rNeg   + . .     Faith    .     (shield restricted)
rPois  +         Spirit   .     (no helmet)
rElec  .         Dismiss  .     (no cloak)
rCorr  .         Reflect  .     f - +1 pair of gloves
SustAt .         Harm     .     (no boots)
MR     .....                    (no amulet)
Stlth  ..........               e - ring of poison resistance
                                h - ring of positive energy

@: berserking, lethally poisoned (-1 -> -23), very quick, not resistant to
hostile enchantments, extremely unstealthy
A: carnivore 3
a: Berserk, Trog's Hand, Burn Spellbooks, Renounce Religion


You were on level 6 of the Dungeon.
You worshipped Trog.
Trog was most pleased with you.
You were completely stuffed.

You visited 1 branch of the dungeon, and saw 6 of its levels.

You collected 145 gold pieces.

Inventory:

Hand Weapons
 a - a +2 falchion {YOLO}
 j - a +0 blowgun
 n - a +0 long sword (weapon)
Missiles
 b - 44 bolts (quivered)
 k - 36 poisoned needles
 q - 3 curare-tipped needles
Armour
 f - a +1 pair of gloves (worn)
 i - a +0 robe
 m - a +3 leather armour (worn)
 p - a +0 pair of gloves
Jewellery
 c - an uncursed ring of sustain attributes
 e - a ring of poison resistance (right hand)
 h - a ring of positive energy (left hand)
Wands
 l - a wand of paralysis (2/24)
Scrolls
 g - a scroll of magic mapping
 r - 2 scrolls of teleportation


   Skills:
 * Level 5.5 Fighting
 * Level 4.6 Long Blades
 + Level 0.9 Throwing
 + Level 2.7 Armour
 * Level 7.5 Dodging
 + Level 2.0 Stealth


You had 7 spell levels left.
You didn't know any spells.

Dungeon Overview and Level Annotations

Branches:
Dungeon (6/15)
 Temple: D:4-7

Altars:
Dithmenos
Fedhas
Gozag
Qazlal
Sif Muna
Yredelemnul

Shops:
D:4 [   D:5 (

Annotations:
D:4 quinotauri's ghost, amateur DsFi
D:6 exclusion: oklob plant, letownia's ghost, novice OpWz


Innate Abilities, Weirdness & Mutations

You are small and have problems with some larger weapons.
You are carnivorous and can eat meat at any time.


Message History

Letownia's ghost is heavily damaged.
Letownia's ghost hits you.
* * * LOW HITPOINT WARNING * * *
You are more poisoned.
It was a potion of berserk rage.
A red film seems to cover your vision as you go berserk!
You feel yourself moving faster!
You feel mighty!
* * * LOW HITPOINT WARNING * * *
You feel sick.
Letownia's ghost hits you but does no damage.
You are more poisoned.
You are too berserk!
You closely miss letownia's ghost.
Letownia's ghost is heavily damaged.
* * * LOW HITPOINT WARNING * * *
You feel sick. Letownia's ghost hits you.
* * * LOW HITPOINT WARNING * * *
You slice letownia's ghost!!
Letownia's ghost is almost destroyed.
You die...

#####################
#.>....#............#
#......#............#
#......#............#
#.....'.........%..#
#..>§§#W.....###'###
#....W§#.@....##...#######
#......#......†....##.....
#......##.....##......####
.'......##.....##....###
#P .##......#...........#
# #......#...........# ##
.......#.(...#####.# #P
#...(.##....# # #P
#...........#


#PPP You could see letownia's ghost.

Vanquished Creatures
  Sigmund (D:3)
  A phantom (D:4)
  A centaur (D:6)
  A big kobold (D:3)
  A howler monkey (D:3)
  3 crimson imps (D:5)
  A centaur zombie (D:5)
  2 hounds (D:5)
  2 orc wizards
  An orc priest (D:6)
  3 iguanas
  Ijyb (D:3)
  2 worker ants
  A hound zombie (D:5)
  3 gnolls (D:3)
  8 adders
  4 worms
  A dart slug (D:2)
  4 giant geckos
  6 orcs
  A ball python (D:1)
  6 bats
  2 giant cockroaches
  5 goblins
  7 hobgoblins
  2 jackals (D:4)
  A quokka (D:3)
  3 giant newts
  5 kobolds
  8 rats
  A butterfly (D:6)
88 creatures vanquished.

Notes
Turn   | Place    | Note
--------------------------------------------------------------
     0 | D:1      | Razz the Kobold Berserker began the quest for the Orb.
     0 | D:1      | Reached XP level 1. HP: 14/14 MP: 1/1
   223 | D:1      | Reached XP level 2. HP: 19/19 MP: 2/2
   480 | D:1      | Reached XP level 3. HP: 22/23 MP: 3/3
   955 | D:2      | Reached XP level 4. HP: 26/29 MP: 4/4
   985 | D:2      | Reached ** piety under Trog
  1013 | D:2      | Reached skill level 3 in Dodging
  1076 | D:2      | Found an opulent altar of Gozag.
  1966 | D:3      | Reached XP level 5. HP: 19/33 MP: 5/5
  2247 | D:3      | Noticed Ijyb
  2263 | D:3      | Reached skill level 4 in Dodging
  2267 | D:3      | Paralysed by Ijyb for 7 turns
  2268 | D:3      | Noticed Sigmund
  2287 | D:3      | Killed Ijyb
  2287 | D:3      | Reached skill level 1 in Stealth
  2333 | D:3      | Killed Sigmund
  2333 | D:3      | Reached skill level 5 in Dodging
  2333 | D:3      | Reached XP level 6. HP: 3/39 MP: 6/6
  2360 | D:3      | HP: 1/39 [hobgoblin/club (6)]
  2894 | D:3      | Found a stormy altar of Qazlal.
  2906 | D:3      | Reached XP level 7. HP: 44/44 MP: 7/7
  2907 | D:3      | Found a basalt altar of Yredelemnul.
  3101 | D:4      | Found Efraseil's Armour Shop.
  3227 | D:4      | Reached skill level 5 in Fighting
  3368 | D:4      | Noticed quinotauri's ghost (amateur DsFi)
  3956 | D:4      | Found a shadowy altar of Dithmenos.
  4038 | D:4      | Reached *** piety under Trog
  4312 | D:5      | Entered Level 5 of the Dungeon
  4467 | D:5      | Reached skill level 6 in Dodging
  4552 | D:5      | Reached XP level 8. HP: 43/49 MP: 8/8
  4631 | D:5      | Found Zeucw's Weapon Shoppe.
  5155 | D:6      | Found a deep blue altar of Sif Muna.
  5306 | D:6      | Reached skill level 7 in Dodging
  5506 | D:6      | Found a blossoming altar of Fedhas.
  5520 | D:6      | Noticed an oklob plant
  5803 | D:6      | Noticed letownia's ghost (novice OpWz)
  5827 | D:6      | HP: 3/75 [poisoned by letownia's ghost]
  5827 | D:6      | HP: 1/75 [letownia's ghost (2)]
  5828 | D:6      | Succumbed to letownia's ghost's poison

Skill      XL: |  1  2  3  4  5  6  7  8 |
---------------+-------------------------+-----
Fighting       | 4 5 |  5.5
Long Blades    | 3 4 |  4.6
Dodging        | 3 5 6 7 |  7.5
Armour         | 2 |  2.7
Stealth        | 1 2 |  2.0
Throwing       | |  0.9

Action                   |  1- 3 |  4- 6 |  7- 9 || total
-------------------------+-------+-------+-------++-------
Melee: Falchion          |    81 |   166 |   252 ||   499
       Long sword        |       |       |    23 ||    23
 Fire: Blowgun           |       |     1 |     6 ||     7
Evoke: Wand              |       |       |     2 ||     2
  Use: Scroll            |     4 |       |     6 ||    10
       Potion            |     1 |     2 |     5 ||     8
 Stab: Sleeping          |     2 |     2 |       ||     4
  Eat: Meat ration       |     1 |       |     2 ||     3
       Chunk             |       |       |     6 ||     6
       Royal jelly       |       |       |     1 ||     1
Armor: Animal skin       |     7 |       |       ||     7
       Leather armour    |    12 |    47 |    40 ||    99
       Robe              |       |       |    13 ||    13
Dodge: Dodged            |    72 |   111 |   198 ||   381
